Map: Acid Plant LE

Players

Kelazhur - Winner!

  • Race: Terran Terran
  • League: Master
  • Spawn Location: 5:00

Creator

  • Race: Protoss Protoss
  • League: Master
  • Spawn Location: 11:00

Event: HomeStory Cup XVIII

VOD

Have the link to the VOD?

Description

Time

  • Played on: Nov. 22, 2018, 3:28 p.m.
  • Length: 12:56

All games in this series

Show
View Real Time Build Order
Export as new Build Order

Kelazhur Terran - Winner!

Build Orders: 1/1/1, Cyclone Opening 

Get SALT Encoding   

  12  0:00  SCV  
  13  0:12  SCV  
  14  0:17  Supply Depot  
  14  0:24  SCV  
  15  0:39  SCV  
  15  0:40  Barracks  
  16  0:45  Refinery  
  16  0:51  SCV  
  16  0:55  Refinery  
  17  1:05  SCV  
  18  1:17  SCV  
  19  1:27  Reaper  
  19  1:29  Orbital Command  
  20  1:38  Bunker  
  20  1:43  Factory  
  20  1:55  Supply Depot  
  20  1:56  SCV  
  20  2:01  Marine  
  22  2:08  SCV  
  23  2:19  Marine  
  23  2:21  SCV  
  25  2:28  Factory Tech Lab  
  25  2:29  Starport  
  25  2:37  Marine  
  25  2:41  Supply Depot, SCV  
  27  2:48  Cyclone  
  30  2:55  Reaper  
  31  3:01  Liberator  
  31  3:02  SCV  
  32  3:25  SCV  
  33  3:28  Command Center  
  33  3:35  Supply Depot  
  33  3:40  SCV  
  33  3:51  Cyclone  
  33  3:54  SCV  
  37  4:06  Barracks  
  37  4:08  Barracks  
  37  4:24  SCV  
  38  4:27  Cyclone  
  41  4:37  Engineering Bay  
  39  4:38  SCV  
  39  4:41  Barracks Tech Lab  
  39  4:42  Orbital Command  
  39  4:52  SCV  
  40  4:55  Marine x2  
  42  5:01  Bunker, Stimpack  
  42  5:04  SCV  
  43  5:09  SCV  
  43  5:12  Marine  
  43  5:13  Factory Reactor  
  46  5:16  SCV  
  46  5:19  Barracks Reactor  
  46  5:21  SCV  
  46  5:27  Missile Turret  
  46  5:28  Marine, Combat Shield, SCV  
  49  5:33  SCV  
  49  5:38  Marine  
  49  5:40  SCV  
  51  5:45  SCV  
  51  5:46  Marine, Terran Infantry Weapons Level 1  
  51  5:49  Supply Depot  
  53  5:52  SCV  
  53  5:56  Marine x2  
  56  5:57  Marauder, SCV  
  56  6:00  Refinery  
  56  6:01  Supply Depot, Factory Reactor  
  60  6:04  Marauder, Medivac  
  59  6:19  Marine x2, Marauder  
  59  6:20  SCV  
  59  6:25  Marauder, SCV  
  64  6:26  Medivac  
  66  6:34  Command Center  
  66  6:35  Supply Depot  
  66  6:37  Marine  
  66  6:38  Marine  
  68  6:40  Marine, Medivac  
  68  6:41  SCV  
  72  6:49  Marine  
  72  6:50  SCV  
  72  6:52  Refinery  
  72  6:53  SCV  
  75  6:54  Marine  
  75  6:55  Marine  
  75  6:57  Supply Depot  
  75  6:58  Marine  
  78  7:03  SCV  
  78  7:04  Barracks  
  78  7:06  Barracks, SCV  
  78  7:07  Marine  
  81  7:12  Marine  
  81  7:15  SCV  
  83  7:16  Marine  
  83  7:18  Marine, SCV  
  83  7:22  Widow Mine x2  
  90  7:24  Concussive Shells  
  90  7:27  SCV  
  91  7:31  Marine, Marauder  
  91  7:36  Supply Depot  
  94  7:39  Marine, SCV x2  
  94  7:40  Terran Infantry Armor Level 1  
  94  7:42  Supply Depot  
  97  7:46  Marauder  
  97  7:47  Orbital Command  
  99  7:52  SCV x2  
  99  7:53  Widow Mine  
  100  8:03  Marine x2, Marauder  
  100  8:04  Medivac  
  100  8:05  SCV x2  
  106  8:10  Liberator  
  106  8:13  Supply Depot  
  106  8:16  Armory, Barracks Tech Lab  
  106  8:17  Barracks Reactor, SCV  
  106  8:19  SCV  
  108  8:24  SCV  
  109  8:28  Liberator  
  109  8:29  SCV  
  111  8:37  Marauder  
  111  8:39  Marauder x2  
  108  8:44  Marine x2  
  108  8:47  SCV x3  
  116  8:49  Refinery  
  116  8:54  Widow Mine x2  
  120  8:56  Supply Depot  
  120  8:58  Marauder  
  120  9:01  Marauder  
  125  9:03  Marauder  
  125  9:06  Marine  
  125  9:07  Marine  
  125  9:09  Marine x2  
  126  9:14  Engineering Bay  
  126  9:17  Refinery, SCV x3  
  126  9:18  Supply Depot  
  126  9:19  Starport  
  126  9:22  Widow Mine  
  131  9:25  Terran Ship Weapons Level 1, Sensor Tower  
  131  9:29  SCV x3  
  134  9:34  Supply Depot, Terran Infantry Weapons Level 2  
  134  9:36  Marine x3, Marauder x2  
  134  9:37  Marine  
  142  9:41  Marauder  
  129  9:55  Marine  
  129  9:57  Marauder  
  126  10:01  Marauder  
  126  10:02  Marine  
  126  10:04  Widow Mine x2, Marine  
  126  10:06  Marine  
  121  10:22  Marine x2, Marauder  
  122  10:32  Terran Infantry Armor Level 2  
  122  10:34  Command Center  
  120  10:37  Marine  
  120  10:38  Marauder  
  120  10:40  Marauder  
  125  10:42  Starport Tech Lab  
  125  10:44  Medivac  
  125  10:46  Marine x2  
  129  10:50  Marauder  
  131  10:59  Marauder, Medivac  
  131  11:01  Marine x2  
  131  11:02  Marauder  
  139  11:04  Marine  
  140  11:11  Marine  
  140  11:12  Marauder  
  140  11:13  SCV x3  
  140  11:16  Supply Depot  
  146  11:19  Marine  
  146  11:24  Marine x2  
  146  11:25  Marauder  
  151  11:26  Liberator x2  
  141  11:43  Marauder  
  135  11:48  Liberator  
  118  12:05  Marine x3, Marauder  
Show
View Real Time Build Order
Export as new Build Order

Creator Protoss 

Build Orders: 1 Gate Expand, Phoenix Opening 

Get SALT Encoding   

  12  0:00  Probe  
  13  0:12  Probe  
  14  0:18  Pylon  
  14  0:24  Probe  
  15  0:32  Probe  
  15  0:37  Gateway  
  15  0:40  Probe  
  16  0:46  Assimilator  
  17  0:51  Probe  
  18  1:03  Probe  
  19  1:15  Probe  
  20  1:22  Nexus  
  20  1:32  Cybernetics Core  
  20  1:35  Zealot  
  22  1:45  Pylon  
  22  1:49  Probe  
  23  1:58  Stalker  
  23  2:03  Probe  
  24  2:11  Shield Battery  
  24  2:17  Probe  
  24  2:20  Stalker  
  24  2:29  Probe  
  27  2:34  Probe  
  27  2:36  Assimilator  
  28  2:46  Stalker  
  28  2:59  Probe x2  
  30  3:16  Probe  
  30  3:17  Probe  
  30  3:19  Warp Gate  
  32  3:21  Stargate  
  32  3:25  Probe  
  32  3:29  Probe  
  32  3:33  Probe  
  36  3:41  Probe  
  36  3:43  Probe  
  36  3:48  Stalker  
  39  3:53  Probe  
  39  3:54  Pylon  
  38  3:55  Probe  
  38  3:56  Phoenix  
  38  4:05  Probe  
  38  4:07  Probe  
  41  4:17  Probe  
  41  4:19  Phoenix  
  40  4:25  Probe  
  40  4:28  Probe  
  42  4:33  Robotics Facility  
  42  4:34  Probe  
  42  4:37  Probe  
  42  4:43  Probe  
  42  4:44  Gateway  
  42  4:45  Gateway, Probe  
  46  4:53  Probe  
  46  4:56  Probe  
  48  5:03  Assimilator x2  
  48  5:05  Probe  
  49  5:08  Pylon, Probe  
  50  5:16  Nexus  
  50  5:19  Observer  
  50  5:20  Probe x2  
  53  5:26  Pylon  
  53  5:29  Sentry  
  53  5:32  Immortal  
  53  5:38  Probe x2  
  59  5:49  Twilight Council  
  59  5:50  Probe x2  
  59  5:55  Forge  
  59  5:56  Sentry  
  63  5:58  Blink  
  63  6:01  Pylon  
  63  6:02  Probe x2  
  65  6:08  Shield Battery, Protoss Ground Weapons Level 1  
  65  6:09  Stalker  
  63  6:18  Probe  
  63  6:19  Probe  
  65  6:29  Probe  
  65  6:31  Probe x2  
  68  6:41  Probe  
  68  6:43  Probe x2  
  71  6:47  Gateway x2  
  71  6:49  Gateway  
  71  6:53  Probe  
  72  6:54  Stalker x3  
  72  6:55  Probe  
  72  6:57  Probe  
  72  7:00  Observer  
  81  7:08  Gateway, Probe  
  81  7:09  Gateway, Probe  
  82  7:22  Observer  
  83  7:23  Sentry, Stalker  
  83  7:24  Assimilator x2, Stalker  
  83  7:25  Probe x3  
  83  7:27  Pylon  
  92  7:30  Photon Cannon  
  92  7:32  Pylon  
  92  7:38  Robotics Bay  
  92  7:40  Robotics Facility  
  92  7:46  Stalker  
  92  7:47  Stalker  
  96  7:51  Stalker  
  96  7:52  Stalker  
  96  7:54  Stalker  
  100  7:59  Warp Prism  
  100  8:05  Protoss Ground Armor Level 1, Stalker x3  
  104  8:15  Charge  
  104  8:16  Probe x2  
  104  8:17  Probe  
  104  8:18  Pylon  
  104  8:19  Pylon  
  107  8:25  Disruptor  
  107  8:26  Disruptor  
  109  8:49  Probe x3  
  109  8:50  Shield Battery, Photon Cannon  
  109  8:51  Pylon  
  109  8:52  Disruptor, Stalker x2  
  115  9:00  Disruptor  
  118  9:06  Zealot  
  118  9:07  Zealot x3  
  122  9:12  Zealot x2  
  129  9:18  Photon Cannon  
  129  9:22  Zealot  
  131  9:26  Pylon  
  131  9:28  Dark Shrine  
  131  9:33  Nexus  
  131  9:36  Pylon  
  131  9:43  Disruptor x2  
  131  9:55  Stalker x5  
  137  10:03  Zealot x3  
  135  10:13  Disruptor  
  135  10:14  Disruptor  
  121  10:20  Stalker x3  
  131  10:37  Stalker  
  131  10:38  Stalker x4  
  131  10:41  Nexus  
  139  10:47  Pylon  
  139  10:52  Dark Templar  
  139  10:53  Warp Prism  
  141  11:06  Pylon  
  141  11:08  Stalker x3  
  149  11:11  Pylon  
  149  11:21  Pylon  
  149  11:22  Pylon  
  149  11:23  Pylon  
  149  11:25  Pylon  
  149  11:26  Dark Templar  
  149  11:27  Dark Templar, Disruptor  
  149  11:28  Zealot x2  
  152  11:36  Dark Templar x2  
  147  11:48  Zealot  
  143  12:00  Pylon, Photon Cannon  
  143  12:05  Zealot  
  141  12:22  Zealot  
  137  12:31  Zealot  
  122  12:43  Zealot  
Tags
 
Add a new tag
Caveats
  • Supply blocks, unpowered buildings, or Contaminate may cause inaccurate times.
  • Supply counts are checked every 10 seconds.